 Dungeon Crawl Stone Soup version 0.16.0-17-g811c1d7 (webtiles) character file.

5406 maniek23 the Covert (level 10, 0/58 HPs)
             Began as a Vampire Assassin on Mar 20, 2015.
             Was a Priest of Yredelemnul.
             Slain by an orc warrior
             ... wielding a +0 long sword
              (8 damage)
             ... on level 9 of the Dungeon.
             The game lasted 00:47:02 (9559 turns).

maniek23 the Covert (Vampire Assassin)              Turns: 9559, Time: 00:47:03

Health: 0/58       AC:  7    Str: 11    XL:     10   Next: 40%
Magic:  3/3        EV: 18    Int: 15    God:    Yredelemnul [***...]
Gold:   190        SH:  0    Dex: 17    Spells: 0 memorised, 9 levels left

rFire  + + .     SeeInvis +     U - +1 mace (antimagic)
rCold  x . .     Clarity  .     O - +0 robe {MR+}
rNeg   + . .     SustAb   .     (no shield)
rPois  .         Gourm    .     t - +0 helmet
rElec  .         Spirit   .     d - +0 cloak
rCorr  .         Warding  .     J - +1 pair of gloves
rMut   .         Stasis   .     M - +0 pair of boots
MR     ++...                    i - amulet of regeneration
Stlth  +++++++...               Z - ring of protection from fire
                                r - ring of fire

@: very resistant to hostile enchantments, extremely stealthy
A: bottle blood, fangs 3, see invisible, clever 1, frail 2, unbreathing
a: Bat Form, Animate Dead, Recall Undead Slaves, Injury Mirror, Renounce
Religion


You were on level 9 of the Dungeon.
You worshipped Yredelemnul.
Yredelemnul was most pleased with you.
You were not thirsty.

You visited 2 branches of the dungeon, and saw 10 of its levels.
You also visited: Sewer.

You collected 440 gold pieces.
You spent 250 gold pieces at shops.

Inventory:

Hand weapons
 a - a +3 dagger of electrocution
 f - a +0 short sword of freezing
 s - a +2 hand crossbow of freezing
 T - the +4 flail of Doom {venom, -Cast rC+ rN+ Int+3 Stlth-}
   (You found it on level 6 of the Dungeon)

   It poisons the flesh of those it strikes.
   It affects your intelligence (+3).
   It protects you from cold.
   It protects you from negative energy.
   It prevents spellcasting.
   It makes you less stealthy.
 U - a +1 antimagic mace (weapon)
Missiles
 e - 29 poisoned needles
 u - 5 tomahawks (quivered)
 y - 17 bolts
 V - 2 javelins
Armour
 d - a +0 cloak (worn)
 t - a +0 helmet (worn)
 v - the +3 plate armour "Thutrow" {MR++ Stlth+}
   (You found it on level 8 of the Dungeon)

   It affects your resistance to hostile enchantments.
   It makes you more stealthy.
 J - a +1 pair of gloves (worn)
 M - a +0 pair of boots (worn)
 O - a +0 robe of magic resistance (worn)
Jewellery
 h - an uncursed amulet of resist corrosion
 i - an amulet of regeneration (around neck)
 r - a ring of fire (left hand)
 Z - a ring of protection from fire (right hand)
Magical devices
 j - a wand of enslavement (3)
 o - a wand of draining (4)
 E - a wand of magic darts (10)
 Q - a wand of paralysis (1)
 X - a wand of cold (2)
 Y - a wand of draining (8)
Scrolls
 b - a scroll of fear
 k - a scroll of enchant weapon
 n - 5 scrolls of remove curse
 x - a scroll of amnesia {unknown}
 B - a scroll of magic mapping {unknown}
 C - 2 scrolls of enchant armour {unknown}
 H - 4 scrolls of teleportation {unknown}
 I - 2 scrolls of random uselessness {unknown}
 P - a scroll of fog {unknown}
 S - 2 scrolls of identify
 W - a scroll of vulnerability {unknown}
Potions
 c - a potion of resistance
 l - 2 potions of haste
 m - 10 potions of curing
 p - 2 potions of poison
 w - 2 potions of heal wounds
 z - 5 potions of brilliance
 D - 4 potions of agility
 F - 3 potions of flight
 G - 2 potions of might
 K - 3 potions of magic
 L - 4 potions of restore abilities
 N - 2 potions of ambrosia
 R - a potion of berserk rage


   Skills:
 + Level 4.7 Fighting
 + Level 5.5 Short Blades
 + Level 5.2 Crossbows
 + Level 3.5 Throwing
 + Level 8.9 Dodging
 + Level 13.8 Stealth
 + Level 0.4 Evocations


You had 9 spell levels left.
You didn't know any spells.

Dungeon Overview and Level Annotations

Branches:
Dungeon (9/15)             Temple (1/1) D:6             Orc (0/4) D:9
   Lair: D:8-11

Altars:
Ashenzari
Cheibriados
Dithmenos
Elyvilon
Fedhas
Gozag
Kikubaaqudgha
Makhleb
Nemelex Xobeh
Okawaru
Qazlal
Ru
Sif Muna
Trog
Vehumet
Xom
Yredelemnul
Zin
The Shining One

Shops:
D:5 [!=   D:9 *

Annotations:
D:8 SKei0's ghost, experienced DDFi


Innate Abilities, Weirdness & Mutations

You can bottle blood from corpses.
You have razor-sharp teeth.
You have supernaturally acute eyesight.
You can survive without breathing.
Your mind is acute. (Int +2)
You are very frail (-20% HP).


Message History

You swap places.
The orc warrior hits your orc zombie with a long sword!!
Your orc zombie closely misses the orc warrior.
The orc warrior hits your orc zombie with a long sword!
Your orc zombie is destroyed!
You completely miss the orc warrior. The orc warrior barely misses you.
You hit the orc warrior but do no damage.
You bite the orc warrior, but do no damage.
You miss the warg. The warg bites you but does no damage.
The orc warrior misses you. The warg closely misses you.
The orc warrior hits you with a long sword.
You barely miss the orc warrior. The warg misses you. The warg bites you.
The orc warrior hits you with a long sword!
* * * LOW HITPOINT WARNING * * *
You open the door. The warg bites you!
* * * LOW HITPOINT WARNING * * *
The warg closely misses you.
The orc warrior hits you with a long sword!
You die...
Yredelemnul claims you as an undead slave.

..........[........
...................
....................
....................
........<....[......
#####...#...#..........
##...##.##...##.........
##.8.8o###..8..##........
+....[h.@.......#........
#..#'#.o#..#+#..#........
# #.##.#.##.##.#.....#..
.h #.#.#..(#.#........ #
#.% #.#.#)).#.#.....#..
#.##.##.#.##.##.#....).#.
#..#+#..#..#'#..#........
#.......#......##........
##.8.8.###..8..#........#


You could see a warg, an orc warrior and an orc priest.

Vanquished Creatures
  Pikel (D:4)
  Prince Ribbit (D:4)
  A spriggan (D:7)
  Grum (D:8)
  A warg (D:9)
  2 wolves (D:8)
  3 orc warriors
  3 centaurs
  An ice beast (D:5)
  7 ogres
  3 sky beasts
  2 slaves (D:4)
  2 phantoms
  Sigmund (D:5)
  3 giant frogs
  2 big kobolds (Sewer)
  4 scorpions
  A wyvern skeleton (D:8)
  10 killer bees (D:8)
  4 wights (D:3)
  3 crimson imps
  3 hounds
  2 goliath beetles
  A giant frog skeleton (D:4)
  A jelly (D:5)
  4 orc priests
  5 orc wizards
  6 worker ants
  Ijyb (D:3)
  A hound skeleton (D:8)
  A worker ant zombie (D:6)
  12 adders
  5 gnolls
  6 river rats (Sewer)
  2 shadow imps
  2 giant mites (D:3)
  5 worms
  A human zombie (D:5)
  An adder skeleton (D:6)
  6 giant geckos
  2 oozes (D:4)
  36 orcs
  6 ball pythons
  12 bats
  A bat zombie (D:5)
  6 giant cockroaches
  15 goblins
  5 hobgoblins
  12 jackals
  6 giant newts
  A giant spore (D:8)
  25 kobolds
  5 quokkas
  31 rats
  A spectral orc (D:3)
285 creatures vanquished.

Vanquished Creatures (others)
  An orc zombie (D:9)
1 creature vanquished.

Grand Total: 286 creatures vanquished

Notes
Turn   | Place    | Note
--------------------------------------------------------------
     0 | D:1      | maniek23, the Vampire Assassin, began the quest for the Orb.
     0 | D:1      | Reached XP level 1. HP: 16/16 MP: 1/1
    52 | D:1      | Reached skill level 6 in Stealth
   193 | D:1      | Reached XP level 2. HP: 22/22 MP: 2/2
   644 | D:1      | Reached XP level 3. HP: 22/27 MP: 3/3
  1077 | D:2      | Reached skill level 7 in Stealth
  1226 | D:2      | Reached XP level 4. HP: 12/33 MP: 4/4
  1636 | D:3      | Noticed Ijyb
  1651 | D:3      | Killed Ijyb
  1723 | D:3      | Found a radiant altar of Vehumet.
  1940 | D:3      | Reached skill level 8 in Stealth
  1943 | D:3      | Found a glowing drain.
  1982 | Sewer    | Entered a sewer
  2014 | Sewer    | Noticed a big kobold
  2026 | Sewer    | Killed a big kobold
  2026 | Sewer    | Reached XP level 5. HP: 33/39 MP: 5/5
  2130 | Sewer    | Reached XP level 6. HP: 40/46 MP: 4/6
  2189 | Sewer    | Noticed a big kobold
  2194 | Sewer    | Killed a big kobold
  2194 | Sewer    | Reached skill level 9 in Stealth
  2684 | D:3      | Reached XP level 7. HP: 51/51 MP: 7/7
  2830 | D:3      | Found a basalt altar of Yredelemnul.
  2839 | D:3      | Became a worshipper of Yredelemnul the Dark
  2887 | D:3      | Reached skill level 1 in Crossbows
  2887 | D:3      | Reached skill level 10 in Stealth
  3070 | D:4      | Found a sacrificial altar of Ru.
  3070 | D:4      | Found a radiant altar of Vehumet.
  3108 | D:4      | Found a burning altar of Makhleb.
  3177 | D:4      | Acquired Yredelemnul's first power
  3391 | D:4      | Noticed Prince Ribbit
  3394 | D:4      | Killed Prince Ribbit
  3462 | D:4      | Reached XP level 8. HP: 57/57 MP: 8/8
  3556 | D:4      | Found a glowing golden altar of the Shining One.
  3685 | D:4      | Reached skill level 11 in Stealth
  3793 | D:4      | Noticed Pikel
  3799 | D:4      | Paralysed by Pikel for 6 turns
  3816 | D:4      | Paralysed by Pikel for 3 turns
  3943 | D:4      | Paralysed by Pikel for 3 turns
  3947 | D:4      | Killed Pikel
  3947 | D:4      | Reached skill level 5 in Dodging
  4054 | D:5      | Entered Level 5 of the Dungeon
  4159 | D:5      | Found Ladim's Distillery.
  4162 | D:5      | Bought a potion of heal wounds for 50 gold pieces
  4162 | D:5      | Bought a potion of brilliance for 40 gold pieces
  4162 | D:5      | Bought a potion of agility for 40 gold pieces
  4162 | D:5      | Bought a potion of berserk rage for 50 gold pieces
  4162 | D:5      | Bought a potion of might for 40 gold pieces
  4162 | D:5      | Bought a potion of curing for 30 gold pieces
  4169 | D:5      | Found Kemevexa's Antique Armour Shoppe.
  4289 | D:5      | Noticed Sigmund
  4292 | D:5      | Killed Sigmund
  4450 | D:5      | Found Xugowouf's Jewellery Emporium.
  4501 | D:5      | Found a snail-covered altar of Cheibriados.
  4639 | D:5      | Reached XP level 9. HP: 64/64 MP: 9/9
  4675 | D:5      | Found a glowing silver altar of Zin.
  4992 | D:6      | Got an ichor-stained flail
  4993 | D:6      | Identified the +4 flail of Doom {venom, -Cast rC+ rN+ Int+3 Stlth-} (You found it on level 6 of the Dungeon)
  5265 | D:6      | Found a sparkling altar of Nemelex Xobeh.
  5265 | D:6      | Found a shattered altar of Ashenzari.
  5300 | D:6      | Acquired Yredelemnul's second power
  6154 | D:6      | Found a staircase to the Ecumenical Temple.
  6160 | Temple   | Entered the Ecumenical Temple
  6339 | D:6      | Got a transparent chain mail
  6350 | D:6      | Identified the cursed -5 chain mail of Huydwuan {+Inv} (You found it on level 6 of the Dungeon)
  6554 | D:7      | Reached skill level 5 in Crossbows
  6554 | D:7      | Reached skill level 12 in Stealth
  6756 | D:7      | Found a burning altar of Makhleb.
  6845 | D:7      | Reached skill level 5 in Short Blades
  7523 | D:8      | Reached skill level 13 in Stealth
  7704 | D:8      | Found a glowing silver altar of Zin.
  7771 | D:8      | Got a twisted plate armour
  7782 | D:8      | Identified the +3 plate armour "Thutrow" {MR++ Stlth+} (You found it on level 8 of the Dungeon)
  7875 | D:8      | Noticed Grum
  7884 | D:8      | Reached XP level 10. HP: 67/72 MP: 10/10
  7895 | D:8      | Killed Grum
  7989 | D:8      | Noticed SKei0's ghost (experienced DDFi)
  8735 | D:9      | Acquired Yredelemnul's third power
  9246 | D:9      | Found Brakh's Assorted Antiques.
  9455 | D:9      | Gained mutation: Your mind is acute. (Int +2) [potion of mutation]
  9455 | D:9      | Gained mutation: You are frail (-10% HP). [potion of mutation]
  9455 | D:9      | Gained mutation: You are very frail (-20% HP). [potion of mutation]
  9525 | D:9      | Found a staircase to the Orcish Mines.
  9559 | D:9      | Slain by an orc warrior

Action                   |  1- 3 |  4- 6 |  7- 9 | 10-12 || total
-------------------------+-------+-------+-------+-------++-------
Melee: Dagger            |    65 |   152 |   323 |   117 ||   657
       Mace              |       |       |       |    14 ||    14
 Fire: Blowgun           |       |     5 |       |       ||     5
       Hand crossbow     |       |    17 |    86 |    18 ||   121
Throw: Tomahawk          |       |    11 |    13 |     4 ||    28
       Javelin           |       |       |     2 |     2 ||     4
Invok: Injury Mirror     |       |       |       |     1 ||     1
       Animate Dead      |       |       |       |     1 ||     1
 Abil: End Transformatio |       |     5 |     3 |     5 ||    13
       Bat Form          |       |     5 |     3 |     5 ||    13
Evoke: Wand              |       |       |     2 |       ||     2
  Use: Scroll            |       |       |     7 |     7 ||    14
       Potion            |       |       |     8 |     6 ||    14
 Stab: Sleeping          |    16 |    14 |    29 |     3 ||    62
       Paralysed         |       |       |     1 |       ||     1
  Eat: Corpse            |     2 |     4 |     5 |       ||    11
